 Dungeon Crawl Stone Soup version 0.30-a0-40-gc6d0f036a7 (webtiles) character file.

Game seed: 255964368197288836

54 coolguy4201 the Caller (level 3, 0/19 HPs)
             Began as a Deep Elf Summoner on Aug 30, 2022.
             Was an Initiate of Qazlal.
             Succumbed to an adder's poison
             ... on level 2 of the Dungeon.
             The game lasted 00:07:13 (2079 turns).

coolguy4201 the Caller (Deep Elf Summoner)          Turns: 2079, Time: 00:07:14

Health: 0/19       AC:  2    Str:  5    XL:     3   Next: 66%
Magic:  10/10      EV: 13    Int: 21    God:    Qazlal [......]
Gold:   45         SH:  0    Dex: 15    Spells: 7/10 levels left

rFire   . . .      SeeInvis .    (no weapon)
rCold   . . .      Faith    .    (no shield)
rNeg    . . .      Spirit   .    a - +0 robe
rPois   .          Reflect  .    (no helmet)
rElec   .          Harm     .    (no cloak)
rCorr   .          Rampage  .    (no gloves)
Will    .....                    (no boots)
Stlth   ++........               (no amulet)
HPRegen 0.06/turn                (no ring)
MPRegen 0.12/turn                (no ring)

@: lethally poisoned (0 -> -3)
A: no striking features
a: Renounce Religion


You were on level 2 of the Dungeon.
You worshipped Qazlal.
Qazlal was noncommittal.
You visited 1 branch of the dungeon, and saw 2 of its levels.

You collected 45 gold pieces.

Inventory:

Armour
 a - a +0 robe (worn)
Scrolls
 e - 2 scrolls of poison {unknown}
Potions
 b - a potion of magic
 c - a potion of curing {unknown}
 d - a potion of haste {unknown}


   Skills:
 + Level 2.7 Dodging
 + Level 2.9 Stealth
 + Level 4.0 Spellcasting
 + Level 5.1 Summonings


You had 7 spell levels left.
You knew the following spells:

 Your Spells              Type           Power      Damage    Failure   Level
a - Summon Small Mammal   Summ           100%       N/A       1%          1
b - Call Imp              Summ           26%        N/A       2%          2

Your spell library contained the following spells:

 Spells                   Type           Power      Damage    Failure   Level
 Call Canine Familiar     Summ           26%        N/A       4%          3
 Summon Guardian Golem    Hex/Summ       15%        N/A       12%         3
 Summon Lightning Spire   Summ/Air       15%        N/A       38%         4


Dungeon Overview and Level Annotations

Branches:
Dungeon (2/15)

Altars:
Qazlal
Uskayaw


Message History

Found a stone staircase leading up.
An adder comes into view.
The adder hisses angrily.
The adder barely misses your crimson imp.
The adder closely misses your crimson imp.
Your crimson imp blinks!
Your crimson imp blinks!
Your crimson imp blinks!
The adder bites you but does no damage. The adder attacks as you move away!
The adder bites you but does no damage. The adder attacks as you move away!
The adder bites you.
You are poisoned.
The adder poisons you!
You feel sick. The adder barely misses you.
Your crimson imp blinks!
The adder attacks as you move away! The adder closely misses you.
You feel sick.
Your crimson imp blinks!
The adder attacks as you move away! The adder barely misses you.
You feel sick.
You feel sick. The adder bites you.
You feel sick.
You are no longer poisoned.
The adder closely misses you. The adder bites you but does no damage.
The adder attacks as you move away! The adder barely misses you.
You hit the adder but do no damage. The adder bites you.
You are poisoned.
The adder poisons you!
You closely miss the adder.
You feel sick. The adder barely misses you. The adder closely misses you.
Your crimson imp barely misses the adder.
You hit the adder but do no damage.
You feel sick. The adder barely misses you.
Your crimson imp hits the adder but does no damage.
The adder attacks as you move away! The adder completely misses you.
* * * LOW HITPOINT WARNING * * *
You feel sick. The adder attacks as you move away! The adder barely misses you.
* * * LOW HITPOINT WARNING * * *
You feel sick. The adder bites you.
* * * LOW HITPOINT WARNING * * *
You die...

########..#.#
..........#.#
#####..##.#)#####
...J#.....#.....#
.#........#####.##
.#.####..........#
##. #...........#
##.###...........#
##...#..........@#
####.#........5S.#
........######..##
##.#.####.......#
.#.#......####.##
.#.##### #.# ##..
#<# ..# ### .##


You could see an adder (ally target) and a friendly crimson imp (summoned).

Vanquished Creatures (collateral kills)
  An adder (D:2)
  A worm (D:2)
  A dart slug (D:1)
  A ball python (D:1)
  6 endoplasms
  4 giant cockroaches (D:1)
  4 goblins (D:1)
  5 hobgoblins (D:1)
  2 jackals (D:1)
  A kobold (D:1)
  3 bats (D:1)
  4 frilled lizards
  2 rats (D:1)
  A spectral hobgoblin (D:1)
36 creatures vanquished.

Notes
Turn   | Place    | Note
-------+----------+-------------------------------------------
     0 | D:1      | coolguy4201 the Deep Elf Summoner began the quest for the
                  | Orb.
     0 | D:1      | Reached XP level 1. HP: 10/10 MP: 6/6
   410 | D:1      | Reached XP level 2. HP: 7/15 MP: 8/8
   823 | D:1      | Found a faded altar of an unknown god.
   858 | D:1      | Prayed at the altar of an unknown god.
   858 | D:1      | Became a worshipper of Uskayaw the Reveller
   858 | D:1      | Reached * piety under Uskayaw
  1169 | D:1      | Reached skill level 5 in Summonings
  1196 | D:1      | Reached XP level 3. HP: 14/17 MP: 7/10
  1199 | D:1      | Learned a level 2 spell: Call Imp
  1834 | D:2      | Fell from the grace of Uskayaw
  1916 | D:2      | Found a stormy altar of Qazlal.
  1933 | D:2      | Became a worshipper of Qazlal Stormbringer
  2079 | D:2      | Succumbed to an adder's poison

Illustrated notes

Levels and vault maps discovered:
D:1:      amcnicky_arrival_wind_blow, layout_basic,
          dreamdust_ecumenical_altar_drowned_temple
D:2:      layout_basic, basic_altar

Skill      XL: |  1  2  3 |
---------------+----------+-----
Summonings     | 5 |  5.1
Spellcasting   | 4 |  4.0
Dodging        | |  2.7
Stealth        | |  2.9

Action                   || total
-------------------------++-------
Melee: Unarmed           ||    15
 Cast: Summon Small Mamm ||    41
       Call Imp          ||     6
Invok: Stomp             ||     1
       Renounce Religion ||     1
Armor: Robe              ||    29
Dodge: Dodged            ||    95

Table legend: (Time is in decaauts)
 A = Elapsed time spent in this place.
 B = Non-inter-level travel time spent in this place.
 C = Inter-level travel time spent in this place.
 D = Time resting spent in this place.
 E = Time spent auto-exploring this place.
 F = Levels seen in this place.
 G = Mean time per level.
                   A        B        C        D        E       F      G
               +--------+--------+--------+--------+--------+-----+--------+
         Total |   2088 |   2088 |      0 |      0 |   1535 |   2 | 1044.0 |
       Dungeon |   2088 |   2088 |      0 |      0 |   1535 |   2 | 1044.0 |
               +--------+--------+--------+--------+--------+-----+--------+

Top non-repeatable levels by time:
     D:1: 1754 daAuts
     D:2: 333 daAuts
